TOP OF THE 1ST |
Durham Bulls batting - Pitching for Charlotte Knights : RHP Roberto Preciado
|
Pitching: RHP Roberto Preciado
|
|
Batting: RHB Jonathan Fraire
|
0-0: Ground out 1-3 (Groundball, 13S, EV 70.0 MPH)
|
Batting: SHB Joey Pacheco
|
0-0: Ball 1-0: Hit by Pitch
|
Batting: RHB Alex Diaz
|
0-0: Called Strike 0-1: Foul Ball, location: 2F 0-2: Strikes out swinging
|
Batting: LHB Davion Lewis
|
0-0: Called Strike 0-1: Ball 1-1: Ball 2-1: Foul Ball, location: 2F 2-2: Ground out 4-3 (Groundball, 4, EV 107.5 MPH)
|
Top of the 1st over - 0 runs, 0 hits, 0 errors, 1 left on base; Durham 0 - Charlotte 0 |
BOTTOM OF THE 1ST |
Charlotte Knights batting - Pitching for Durham Bulls : LHP Chris Ross
|
Pitching: LHP Chris Ross
|
|
Batting: RHB Ron Johansen
|
0-0: Called Strike 0-1: Foul Ball, location: 2F 0-2: Ball 1-2: Foul Ball, location: 2F 1-2: Strikes out looking
|
Batting: RHB Micah Brown
|
0-0: Ball 1-0: Foul Ball, location: 2F 1-1: Ball 2-1: Foul Ball, location: 2F 2-2: Strikes out looking
|
Batting: RHB Fletcher Easter
|
0-0: Ball 1-0: Ball 2-0: Ball 3-0: Called Strike 3-1: Base on Balls
|
Batting: LHB Carlos Ramirez
|
0-0: Called Strike 0-1: Swinging Strike 0-2: Ball 1-2: SINGLE (Groundball, 56D, EV 101.9 MPH) Fletcher Easter to second Runner from 2nd tries for 3rd, SAFE, throw by LF made to third
|
Batting: RHB Vic Lucatero
|
0-0: Ball 1-0: Ball Wild Pitch! Fletcher Easter scores Carlos Ramirez to second 2-0: Fly out, F4 (Popup, 34S, EV 69.4 MPH)
|
Bottom of the 1st over - 1 run, 1 hit, 0 errors, 1 left on base; Durham 0 - Charlotte 1 |
TOP OF THE 2ND |
Durham Bulls batting - Pitching for Charlotte Knights : RHP Roberto Preciado
|
Batting: RHB Jose Arriola
|
0-0: Foul Ball, location: 2F 0-1: SINGLE (Groundball, 4MD, EV 101.9 MPH)
|
Batting: RHB Danny Diaz
|
0-0: Called Strike 0-1: Foul Ball, location: 2F 0-2: Strikes out swinging
|
Batting: LHB Jake Rheaume
|
0-0: Ball 1-0: Ball 2-0: Swinging Strike 2-1: Foul Ball, location: 2F 2-2: Ball 3-2: SINGLE (Groundball, 3D, EV 94.4 MPH) Jose Arriola to second Jose Arriola to third
|
Batting: RHB Sesto Carpini
|
0-0: Called Strike 0-1: Ball 1-1: Called Strike Jake Rheaume is caught stealing 2nd base 2-4 1-2: Strikes out swinging
|
Top of the 2nd over - 0 runs, 2 hits, 0 errors, 1 left on base; Durham 0 - Charlotte 1 |
BOTTOM OF THE 2ND |
Charlotte Knights batting - Pitching for Durham Bulls : LHP Chris Ross
|
Batting: RHB Jeremy Hoffert
|
0-0: Ball 1-0: Ball 2-0: Ball 3-0: Called Strike 3-1: Ground out U3 (Groundball, 3, EV 83.1 MPH)
|
Batting: RHB Kikuo Sato
|
0-0: Called Strike 0-1: Ball 1-1: Ball 2-1: Ball 3-1: Swinging Strike 3-2: Strikes out swinging
|
Batting: RHB Steve Waltenbery
|
0-0: Foul Ball, location: 2F 0-1: Ball 1-1: Ground out 5-3 (Groundball, 25, EV 83.1 MPH)
|
Bottom of the 2nd over - 0 runs, 0 hits, 0 errors, 0 left on base; Durham 0 - Charlotte 1 |
TOP OF THE 3RD |
Durham Bulls batting - Pitching for Charlotte Knights : RHP Roberto Preciado
|
Batting: RHB Kevin Benfield
|
0-0: Ground out 6-3 (Groundball, 6, EV 93.1 MPH)
|
Batting: RHB Jonathan Fraire
|
0-0: Called Strike 0-1: Foul Ball, location: 2F 0-2: Ground out 6-3 (Groundball, 6, EV 85.0 MPH)
|
Batting: SHB Joey Pacheco
|
0-0: Called Strike 0-1: Ball 1-1: Ball 2-1: Called Strike 2-2: Fly out, F9 (Flyball, 9D, EV 106.9 MPH)
|
Top of the 3rd over - 0 runs, 0 hits, 0 errors, 0 left on base; Durham 0 - Charlotte 1 |
BOTTOM OF THE 3RD |
Charlotte Knights batting - Pitching for Durham Bulls : LHP Chris Ross
|
Batting: LHB Ricardo Pagan
|
0-0: Fly out, F7 (Line Drive, 78S, EV 91.2 MPH)
|
Batting: RHB Ron Johansen
|
0-0: Foul Ball, location: 2F 0-1: Ground out 5-3 (Groundball, 56, EV 110.0 MPH)
|
Batting: RHB Micah Brown
|
0-0: Swinging Strike 0-1: Ball 1-1: Ground out 5-3 (Groundball, 56, EV 90.6 MPH)
|
Bottom of the 3rd over - 0 runs, 0 hits, 0 errors, 0 left on base; Durham 0 - Charlotte 1 |
TOP OF THE 4TH |
Durham Bulls batting - Pitching for Charlotte Knights : RHP Roberto Preciado
|
Batting: RHB Alex Diaz
|
0-0: Foul Ball, location: 2F 0-1: Ball 1-1: Foul Ball, location: 2F 1-2: Foul Ball, location: 2F 1-2: DOUBLE (Line Drive, 78XD, EV 109.4 MPH)
|
Batting: LHB Davion Lewis
|
0-0: Called Strike 0-1: Ball 1-1: Ball 2-1: Ball 3-1: Fly out, F7 (Line Drive, 7, EV 89.4 MPH)
|
Batting: RHB Jose Arriola
|
0-0: Called Strike 0-1: Ball 1-1: Ball 2-1: Ball 3-1: SINGLE (Groundball, 5S, EV 69.4 MPH) (infield hit) Alex Diaz to third
|
Batting: RHB Danny Diaz
|
0-0: Foul Ball, location: 2F 0-1: Ball 1-1: Ball Jose Arriola steals 2nd base 2-1: Ball 3-1: Ground out 5-3 (Groundball, 5L, EV 107.5 MPH)
|
Batting: LHB Jake Rheaume
|
0-0: Ball 1-0: Ball 2-0: Called Strike 2-1: Fly out, F5 (Line Drive, 5L, EV 68.1 MPH)
|
Top of the 4th over - 0 runs, 2 hits, 0 errors, 2 left on base; Durham 0 - Charlotte 1 |
BOTTOM OF THE 4TH |
Charlotte Knights batting - Pitching for Durham Bulls : LHP Chris Ross
|
Batting: RHB Fletcher Easter
|
0-0: Ball 1-0: Ball 2-0: Swinging Strike 2-1: Ball 3-1: Called Strike 3-2: Fly out, F8 (Flyball, 8LD, EV 98.8 MPH)
|
Batting: LHB Carlos Ramirez
|
0-0: Ball 1-0: Called Strike 1-1: Ball 2-1: Swinging Strike 2-2: Ball 3-2: Fly out, F8 (Flyball, 8LD, EV 91.9 MPH)
|
Batting: RHB Vic Lucatero
|
0-0: Ball 1-0: Fly out, F5 (Line Drive, 5, EV 66.2 MPH)
|
Bottom of the 4th over - 0 runs, 0 hits, 0 errors, 0 left on base; Durham 0 - Charlotte 1 |
TOP OF THE 5TH |
Durham Bulls batting - Pitching for Charlotte Knights : RHP Roberto Preciado
|
Batting: RHB Sesto Carpini
|
0-0: Foul Ball, location: 2F 0-1: Foul Ball, location: 2F 0-2: Fly out, F3 (Popup, 34S, EV 66.2 MPH)
|
Batting: RHB Kevin Benfield
|
0-0: Called Strike 0-1: Ball 1-1: Ground out 4-3 (Groundball, 4, EV 108.8 MPH)
|
Batting: RHB Jonathan Fraire
|
0-0: Ball 1-0: Ball 2-0: Called Strike 2-1: Ball 3-1: Foul Ball, location: 2F 3-2: SOLO HOME RUN (Flyball, 9D, EV 96.9 MPH), Distance : 371 ft
|
Batting: SHB Joey Pacheco
|
0-0: SINGLE (Line Drive, 34D, EV 94.4 MPH)
|
Batting: RHB Alex Diaz
|
0-0: Ball 1-0: Called Strike 1-1: Foul Ball, location: 2F 1-2: Foul Ball, location: 2F 1-2: Foul Ball, location: 2F 1-2: Ball 2-2: Ball 3-2: Ground out 6-3 (Groundball, 6, EV 81.9 MPH)
|
Top of the 5th over - 1 run, 2 hits, 0 errors, 1 left on base; Durham 1 - Charlotte 1 |
BOTTOM OF THE 5TH |
Charlotte Knights batting - Pitching for Durham Bulls : LHP Chris Ross
|
Batting: RHB Jeremy Hoffert
|
0-0: Ball 1-0: Foul Ball, location: 2F 1-1: Called Strike 1-2: Ball 2-2: Strikes out swinging
|
Batting: RHB Kikuo Sato
|
0-0: Ball 1-0: Called Strike 1-1: Ball 2-1: TRIPLE (Line Drive, 89XD, EV 103.1 MPH)
|
Batting: RHB Steve Waltenbery
|
0-0: Fly out, F3 (Popup, 34S, EV 81.2 MPH)
|
Batting: LHB Ricardo Pagan
|
0-0: Ball 1-0: Ground out 4-3 (Groundball, 4, EV 83.1 MPH)
|
Bottom of the 5th over - 0 runs, 1 hit, 0 errors, 1 left on base; Durham 1 - Charlotte 1 |
TOP OF THE 6TH |
Durham Bulls batting - Pitching for Charlotte Knights : RHP Roberto Preciado
|
Batting: LHB Davion Lewis
|
0-0: Called Strike 0-1: Swinging Strike 0-2: Ball 1-2: Foul Ball, location: 2F 1-2: Foul Ball, location: 2F 1-2: Foul Ball, location: 2F 1-2: Fly out, F8 (Flyball, 89D, EV 100.6 MPH)
|
Batting: RHB Jose Arriola
|
0-0: Swinging Strike 0-1: Fly out, F8 (Flyball, 8RD, EV 91.9 MPH)
|
Batting: RHB Danny Diaz
|
0-0: Swinging Strike 0-1: Foul Ball, location: 2F 0-2: Ball 1-2: Ball 2-2: Strikes out swinging
|
Top of the 6th over - 0 runs, 0 hits, 0 errors, 0 left on base; Durham 1 - Charlotte 1 |
BOTTOM OF THE 6TH |
Charlotte Knights batting - Pitching for Durham Bulls : LHP Chris Ross
|
Batting: RHB Ron Johansen
|
0-0: Called Strike 0-1: Called Strike 0-2: Ball 1-2: Ball 2-2: Foul Ball, location: 2F 2-2: Strikes out swinging
|
Batting: RHB Micah Brown
|
0-0: Ball 1-0: Swinging Strike 1-1: Called Strike 1-2: Strikes out swinging
|
Batting: RHB Fletcher Easter
|
0-0: SOLO HOME RUN (Flyball, 7D, EV 99.4 MPH), Distance : 376 ft
|
Batting: LHB Carlos Ramirez
|
0-0: Ball 1-0: Fly out, F5 (Line Drive, 5L, EV 69.4 MPH)
|
Bottom of the 6th over - 1 run, 1 hit, 0 errors, 0 left on base; Durham 1 - Charlotte 2 |
TOP OF THE 7TH |
Durham Bulls batting - Pitching for Charlotte Knights : RHP Roberto Preciado
|
Batting: LHB Jake Rheaume
|
0-0: Swinging Strike 0-1: Ball 1-1: Ball 2-1: Ball 3-1: Called Strike 3-2: SINGLE (Line Drive, 7LS, EV 103.1 MPH)
|
Pitching: RHP Luis Castillo
|
|
Batting: RHB Sesto Carpini
|
|
Pinch Hitting: SHB Brett McEwen
|
0-0: Ball 1-0: Swinging Strike 1-1: Ball 2-1: Foul Ball, location: 2F 2-2: Strikes out swinging
|
Batting: RHB Kevin Benfield
|
0-0: Ball 1-0: Called Strike 1-1: Swinging Strike 1-2: Strikes out swinging
|
Batting: RHB Jonathan Fraire
|
0-0: Ball 1-0: Ball 2-0: Ground out 6-3 (Groundball, 6S, EV 85.0 MPH)
|
Top of the 7th over - 0 runs, 1 hit, 0 errors, 1 left on base; Durham 1 - Charlotte 2 |
BOTTOM OF THE 7TH |
Charlotte Knights batting - Pitching for Durham Bulls : LHP Chris Ross
|
Now at 1B: Brett McEwen
|
|
Now at 2B: Alex Diaz
|
|
Batting: RHB Vic Lucatero
|
0-0: Ball 1-0: Ground out 5-3 (Groundball, 5L, EV 83.8 MPH)
|
Batting: RHB Jeremy Hoffert
|
0-0: Ball 1-0: Fly out, F2 (Popup, 2RF, EV 95.0 MPH)
|
Batting: RHB Kikuo Sato
|
0-0: Ball 1-0: SINGLE (Line Drive, 9S, EV 103.8 MPH)
|
Batting: RHB Steve Waltenbery
|
0-0: Fly out, F8 (Flyball, 8RD, EV 108.8 MPH)
|
Bottom of the 7th over - 0 runs, 1 hit, 0 errors, 1 left on base; Durham 1 - Charlotte 2 |
TOP OF THE 8TH |
Durham Bulls batting - Pitching for Charlotte Knights : RHP Luis Castillo
|
Now in RF: John Thurman
|
|
Batting: SHB Joey Pacheco
|
0-0: Swinging Strike 0-1: Foul Ball, location: 2F 0-2: Ball 1-2: Foul Ball, location: 2F 1-2: Ball 2-2: Ball 3-2: Foul Ball, location: 2F 3-2: Foul Ball, location: 2F 3-2: Fly out, F5 (Line Drive, 5L, EV 61.9 MPH)
|
Batting: RHB Alex Diaz
|
0-0: Called Strike 0-1: Swinging Strike 0-2: Foul Ball, location: 2F 0-2: SINGLE (Line Drive, 6D, EV 104.4 MPH)
|
Batting: LHB Davion Lewis
|
0-0: Ball 1-0: Swinging Strike 1-1: Ball 2-1: Grounds into double play, 4-6-3 (Groundball, 34S, EV 91.9 MPH)
|
Top of the 8th over - 0 runs, 1 hit, 0 errors, 0 left on base; Durham 1 - Charlotte 2 |
BOTTOM OF THE 8TH |
Charlotte Knights batting - Pitching for Durham Bulls : LHP Chris Ross
|
Batting: LHB Ricardo Pagan
|
0-0: Ball 1-0: Called Strike 1-1: Ball 2-1: Ground out 1-3 (Groundball, 34S, EV 68.1 MPH)
|
Batting: RHB Ron Johansen
|
0-0: Called Strike 0-1: Swinging Strike 0-2: Ball 1-2: TRIPLE (Flyball, 89XD, EV 91.9 MPH)
|
Batting: RHB Micah Brown
|
0-0: Ball 1-0: Swinging Strike 1-1: Swinging Strike 1-2: Strikes out swinging
|
Batting: RHB Fletcher Easter
|
0-0: Ball 1-0: Called Strike 1-1: Foul Ball, location: 2F 1-2: Ball 2-2: Foul Ball, location: 2F 2-2: Ball 3-2: SINGLE (Groundball, 15S, EV 73.8 MPH) (infield hit) Ron Johansen scores
|
Pitching: LHP Parker Martinet
|
|
Batting: LHB Carlos Ramirez
|
0-0: Ball 1-0: Ball 2-0: Ball 3-0: Called Strike 3-1: Base on Balls Fletcher Easter to second
|
Batting: LHB John Thurman
|
0-0: Swinging Strike 0-1: Ball 1-1: Called Strike 1-2: Strikes out swinging
|
Bottom of the 8th over - 1 run, 2 hits, 0 errors, 2 left on base; Durham 1 - Charlotte 3 |
TOP OF THE 9TH |
Durham Bulls batting - Pitching for Charlotte Knights : RHP Luis Castillo
|
Pitching: LHP Steven Wolf
|
|
Batting: RHB Jose Arriola
|
0-0: Called Strike 0-1: Called Strike 0-2: Foul Ball, location: 2F 0-2: Ground out 6-3 (Groundball, 6M, EV 78.8 MPH)
|
Batting: RHB Danny Diaz
|
0-0: Called Strike 0-1: Ball 1-1: Called Strike 1-2: Ball 2-2: Foul Ball, location: 2F 2-2: Foul Ball, location: 2F 2-2: Ball 3-2: Strikes out swinging
|
Pinch Hitting: RHB David Ward
|
0-0: Foul Ball, location: 2F 0-1: Called Strike 0-2: Ball 1-2: Strikes out swinging
|
Top of the 9th over - 0 runs, 0 hits, 0 errors, 0 left on base; Durham 1 - Charlotte 3 |
|